AoeStats
← 用爱感化队友

African Clearing

510503224Analyzed
4v4 RM · 1d ago on Oct 1, 2026· 52m 40s· 8 players
Game mode
Random Map
Map size
Large (8 player)
Population
200
Speed
Normal
Resources
Standard
Victory
Conquest
Starting age
Dark Age
Ending age
Imperial Age
RankedLock teamsTeams togetherTeam positionsShared explorationLock speedFull tech treeHidden civsTurbo modeCheats
Victory
Defeat
1394
+15
🇸🇬 Mongols · Singapore
1348
+17
🇨🇳 Mongols · China
1321
+18
🇲🇾 Ethiopians · Malaysia
1282
+19
🇳🇿 Spanish · New Zealand
1396
-20
🇦🇺 Varangians · Australia
1392
-18
🇳🇿 Saxons · New Zealand
1332
-16
🇳🇿 Franks · New Zealand
1321
-15
Wekawekawooo
7:15 Loom
14:38 Feudal Age
18:23 Castle Age
27:54 Wheelbarrow
31:12 Town Watch
34:22 Double-Bit Axe
35:52 Hand Cart
37:06 Horse Collar
37:38 Bow Saw
43:29 Imperial Age
42:16 Fletching
42:27 Padded Archer Armor
42:56 Bodkin Arrow
43:38 Elite Skirmisher
47:53 Scale Barding Armor
48:23 Bracer
48:34 Forging
50:46 Bloodlines
51:06 Chain Barding Armor
51:04 Light Cavalry
52:00 Hussar
Jase
9:57 Loom
12:09 Feudal Age
16:41 Castle Age
15:53 Double-Bit Axe
18:43 Bow Saw
23:41 Horse Collar
27:59 Forging
27:50 Scale Mail Armor
28:02 Forging
28:57 Chain Mail Armor
31:50 Wheelbarrow
31:17 Fletching
33:33 Iron Casting
34:28 Bodkin Arrow
34:34 Padded Archer Armor
35:05 Crossbowman
37:03 Thumb Ring
37:04 Gold Mining
36:52 Elite Skirmisher
41:10 Ballistics
42:08 Leather Archer Armor
45:52 Imperial Age
44:43 Hand Cart
46:36 Bracer
46:15 Arbalester
46:41 Arbalester
49:57 Conscription
NADOLEAN
6:35 Loom
13:09 Feudal Age
14:23 Loom
18:07 Castle Age
16:57 Bloodlines
17:37 Scale Barding Armor
17:43 Forging
17:33 Double-Bit Axe
24:17 Wheelbarrow
34:07 Husbandry
39:41 Chain Barding Armor
44:31 Iron Casting
43:48 Vendel Legacy
44:51 Light Cavalry
46:11 Hand Cart
49:35 Imperial Age
49:38 Cavalier
50:57 Plate Barding Armor
51:22 Blast Furnace
51:05 Conscription
50:22 Cavalier
Charles V
8:36 Loom
14:51 Feudal Age
16:24 Double-Bit Axe
20:10 Castle Age
18:53 Fishing Lines
20:13 Forging
21:20 Bow Saw
25:01 Scale Barding Armor
27:02 Fletching
28:08 Husbandry
29:27 Ballistics
31:27 Wheelbarrow
31:29 Bodkin Arrow
31:26 Town Watch
32:30 Gold Mining
34:20 Hand Cart
39:08 Padded Archer Armor
39:18 Gillnets
43:01 Imperial Age
41:55 Chain Barding Armor
43:10 Iron Casting
43:19 Cavalier
44:42 Plate Barding Armor
44:48 Chivalry
45:10 Conscription
46:03 Chemistry
44:44 Treadmill Crane
44:58 Paladin
46:55 Blast Furnace
48:34 Hoardings
47:26 Cranequins
51:38 Siege Engineers
8316699
13:24 Feudal Age
17:18 Castle Age
17:07 Loom
17:57 Scale Barding Armor
18:03 Forging
17:59 Double-Bit Axe
17:54 Horse Collar
19:06 Husbandry
19:41 Bow Saw
24:20 Bloodlines
32:04 Wheelbarrow
32:07 Horse Collar
33:35 Fletching
34:22 Heavy Plow
36:51 Bodkin Arrow
38:49 Hand Cart
40:37 Padded Archer Armor
41:01 Ballistics
40:51 Masonry
41:01 Gold Mining
41:02 Stone Mining
42:40 Gold Shaft Mining
42:41 Stone Shaft Mining
42:23 Leather Archer Armor
46:58 Imperial Age
45:40 Chain Barding Armor
45:55 Iron Casting
45:22 Murder Holes
47:14 Town Watch
47:29 Elite Mangudai
48:31 Conscription
49:00 Hoardings
48:05 Light Cavalry
50:39 Chemistry
50:06 Hussar
用爱感化队友
11:45 Loom
13:59 Feudal Age
15:16 Double-Bit Axe
17:40 Castle Age
16:32 Fletching
16:43 Padded Archer Armor
18:46 Bow Saw
24:50 Ballistics
26:41 Husbandry
26:51 Bloodlines
30:08 Bodkin Arrow
31:57 Wheelbarrow
32:30 Leather Archer Armor
32:44 Town Watch
37:21 Horse Collar
37:50 Gold Mining
39:14 Gold Shaft Mining
39:10 Heavy Plow
43:10 Imperial Age
41:28 Bloodlines
41:30 Scale Barding Armor
41:35 Forging
42:22 Hand Cart
42:04 Stone Mining
41:55 Light Cavalry
43:15 Elite Steppe Lancer
44:37 Chain Barding Armor
44:52 Iron Casting
44:52 Parthian Tactics
47:33 Blast Furnace
46:35 Hussar
49:54 Stone Shaft Mining
50:17 Thumb Ring
50:17 Bracer
49:43 Heavy Camel Rider
50:49 Conscription
_SKY_菜刀
4:36 Loom
14:16 Feudal Age
14:57 Double-Bit Axe
18:12 Castle Age
17:53 Padded Archer Armor
17:44 Fletching
19:28 Bow Saw
19:18 Bodkin Arrow
19:30 Squires
19:36 Crossbowman
20:15 Gold Mining
25:51 Horse Collar
29:46 Ballistics
32:04 Wheelbarrow
33:49 Heavy Plow
34:03 Thumb Ring
37:57 Imperial Age
37:16 Gold Shaft Mining
38:03 Arbalester
38:45 Bracer
39:01 Leather Archer Armor
38:47 Scale Mail Armor
39:17 Conscription
40:47 Chemistry
42:01 Ring Archer Armor
41:19 Elite Shotel Warrior
42:00 Royal Heirs
42:07 Royal Heirs
42:59 Chain Mail Armor
42:57 Forging
46:23 Iron Casting
48:21 Hand Cart
49:06 Two-Man Saw
48:20 Masonry
48:16 Siege Engineers
52:45 Blast Furnace
52:55 Plate Mail Armor
52:36 Torsion Engines
53:10 Architecture
水母系呆萌美少女可可
4:32 Loom
13:56 Feudal Age
16:33 Wheelbarrow
16:14 Double-Bit Axe
18:01 Arson
24:28 Castle Age
22:51 Gold Mining
23:13 Scale Mail Armor
25:03 Forging
24:57 Horse Collar
33:49 Hand Cart
35:33 Stone Mining
39:45 Imperial Age
37:35 Heavy Plow
37:31 Town Watch
37:55 Scale Barding Armor
38:23 Bloodlines
38:13 Husbandry
39:34 Gold Shaft Mining
39:11 Husbandry
40:08 Chain Barding Armor
41:41 First Crusade
41:42 Conscription
41:42 Cavalier
43:35 Plate Barding Armor
43:11 Forging
44:39 Bow Saw
45:14 Stone Shaft Mining
44:19 Elite Serjeant
45:17 Chain Mail Armor
45:41 Iron Casting
48:25 Blast Furnace
47:55 Plate Mail Armor
48:12 Hauberk
47:51 Light Cavalry
50:12 Hoardings
49:57 Capped Ram
51:03 Caravan
51:31 Siege Ram
Connection lost

Rejoining the realm…

Still unreachable

The connection could not be restored.

Session expired

The server has moved on; the page needs a fresh start.